 Dungeon Crawl Stone Soup version 0.21.1-1-g345015f (webtiles) character file.

17 letownia2 the Magician (level 2, -1/15 HPs)
             Began as a Gargoyle Wizard on Feb 13, 2018.
             Slain by a centaur skeleton (4 damage)
             ... on level 4 of the Dungeon.
             The game lasted 00:03:14 (619 turns).

letownia2 the Magician (Gargoyle Wizard)             Turns: 619, Time: 00:03:15

Health: -1/15      AC:  4    Str: 10    XL:     2   Next: 62%
Magic:  6/6        EV: 12    Int: 18    God:
Gold:   25         SH:  0    Dex:  8    Spells: 6/7 levels left

rFire    . . .     SeeInvis .   (no weapon)
rCold    . . .     Gourm    .   (no shield)
rNeg     + . .     Faith    .   a - +0 robe
rPois    ∞         Spirit   .   b - +0 hat
rElec    +         Reflect  .   (no cloak)
rCorr    .         Harm     .   (no gloves)
MR       .....                  (no boots)
Stlth    ++........             (no amulet)
HPRegen  0.05/turn              (no ring)
MPRegen  0.10/turn              (no ring)

@: no status effects
A: negative energy resistance 1, electricity resistance, unbreathing,
petrification resistance, rot immunity, AC +2
a: no special abilities


You were on level 4 of the Dungeon.
You were not hungry.

You visited 1 branch of the dungeon, and saw 4 of its levels.

You collected 25 gold pieces.

Inventory:

Hand Weapons
 f - a +0 hunting sling
 j - a +0 mace
Armour
 a - a +0 robe (worn)
 b - a +0 hat (worn)
 g - a +0 ring mail
Scrolls
 e - a scroll of remove curse {unknown}
 h - a scroll of magic mapping {unknown}
 k - a scroll of fog {unknown}
Potions
 i - a potion of degeneration {unknown}
Books
 c - a book of Minor Magic

   Spells                             Type                      Level
   a - Magic Dart                     Conjuration                  1
   b - Blink                          Translocation                2
   c - Call Imp                       Summoning                    2
   d - Slow                           Hexes                        2
   e - Conjure Flame                  Conjuration/Fire             3
   f - Mephitic Cloud                 Conjuration/Poison/Air       3
Comestibles
 d - 4 rations


   Skills:
 - Level 1.5 Dodging
 - Level 2.1 Stealth
 - Level 3.0 Spellcasting
 + Level 2.8 Conjurations
   Level 0.8 Summonings
   Level 0.8 Translocations


You had 6 spell levels left.
You knew the following spells:

 Your Spells              Type           Power        Failure   Level  Hunger
a - Magic Dart            Conj           ##..         4%          1    None


Dungeon Overview and Level Annotations

Branches:
Dungeon (4/15)
 Temple: D:4-7

Altars:

Annotations:
D:3 ximkin's ghost, amateur MiFi
D:4 Edmund


Innate Abilities, Weirdness & Mutations

You are resistant to torment.
Your stone body is resilient. (AC +2)
You are immune to poison.
You resist negative energy. (rN+)
You are resistant to electric shocks. (rElec)
You can survive without breathing.
You are immune to petrification.
You are immune to rotting.


Message History

The worker ant bites you. The centaur skeleton barely misses you.
Found a ration.
Found a smoky yellow potion and 16 gold pieces.
The worker ant barely misses you.
Found 15 gold pieces and 26 stones.
Found a cloak.
You hear the slow rusting of a distant drain.
The centaur skeleton hits you.
* * * LOW HITPOINT WARNING * * *
The worker ant closely misses you.
Found a rapier.
The centaur skeleton hits you but does no damage.
Found a naga barding.
A frilled lizard comes into view.
The worker ant bites you but does no damage.
Found a stone staircase leading down.
Unknown command.
The centaur skeleton hits you.
You die...

..# .. #.. . ..# ## . #
#.. .#.# .. #### ..
.#.###.. .....#.##.....#
#. .>....)#....#
#..##### .......@a##
#$####......
........Z.## ....####...
.......##.Z#####!.#.@.##
..[.... ##..@...#.Z.###
.l..... #.....@#..#####
....... #.............#
....... #.......#.8#8.#
....... ##...%..#.#$#..
#.....##.8#8..


You could see Edmund, a worker ant, a frilled lizard (sleeping), a quokka
skeleton and a centaur skeleton.

Vanquished Creatures
  A leopard gecko (D:3)
  An orc (D:3)
  4 bats (D:3)
  A giant cockroach (D:3)
  A goblin (D:3)
  A hobgoblin (D:2)
  A quokka (D:2)
  A ball python (D:3)
  A frilled lizard (D:3)
  A jackal skeleton (D:3)
  A kobold (D:2)
  A rat (D:3)
15 creatures vanquished.

Notes
Turn   | Place    | Note
-------+----------+-------------------------------------------
     0 | D:1      | letownia2 the Gargoyle Wizard began the quest for the Orb.
     0 | D:1      | Reached XP level 1. HP: 10/10 MP: 4/4
   208 | D:3      | Reached XP level 2. HP: 15/15 MP: 0/6
   292 | D:3      | Noticed ximkin's ghost (amateur MiFi)
   560 | D:4      | Noticed Edmund
   619 | D:4      | Slain by a centaur skeleton

Skill      XL: |  1 |
---------------+----+-----
Conjurations   | 2 |  2.8
Dodging        | |  1.5
Stealth        | |  2.1
Spellcasting   | |  3.0
Summonings     | |  0.8
Translocations | |  0.8

Action                   || total
-------------------------++-------
Melee: Unarmed           ||     5
 Cast: Magic Dart        ||    33
Armor: Robe              ||    17
Dodge: Dodged            ||    30
